 Dungeon Crawl Stone Soup version 0.32-a0-391-gce5c0aab1b (webtiles) character file.

Game seed: 10582454559364776449

743 ytrimaz the Cleaver (level 7, -4/54 HPs)
             Began as a Coglin Gladiator on Feb 19, 2024.
             Was an Initiate of Okawaru.
             Slain by a two-headed ogre
             ... wielding a +0 giant spiked club
              (22 damage)
             ... on level 5 of the Dungeon.
             The game lasted 00:05:09 (4242 turns).

ytrimaz the Cleaver (Coglin Gladiator)              Turns: 4242, Time: 00:05:09

Health: -4/54      AC:  9    Str: 17    XL:     7   Next: 76%
Magic:  7/7        EV:  8    Int:  7    God:    Okawaru [......]
Gold:   372        SH:  0    Dex: 15    Spells: 6/6 levels left

rFire   . . .        a - +1 war axe {Aiguo}
rCold   . . .        j - +0 hand axe {Liesl}
rNeg    . . .        p - +0 chain mail
rPois   +            c - +0 helmet
rElec   .            (no cloak)
rCorr   .            (no gloves)
SInv    +            (no boots)
Will    .....        (no amulet) Stlth
                     g - ring of poison resistance
HPRegen 0.29/turn    f - ring of see invisible
MPRegen 0.10/turn

%: no passive effects
@: revved, stiff-legged, very slow
A: off-hand wielding, slow wielding, warmup strikes, warmup strides
a: Renounce Religion


You were on level 5 of the Dungeon.
You worshipped Okawaru.
Okawaru was noncommittal.
You visited 2 branches of the dungeon, and saw 6 of its levels.

You collected 372 gold pieces.


Innate Abilities, Weirdness & Mutations

You can wield a second weapon in your off-hand.
It takes a long time for you to wield or remove held weapons.
Your first few attacks do less damage.
Your first movements take longer.


   Skills:
 + Level 4.1 Fighting
 + Level 8.0 Axes
 - Level 1.7 Throwing
 - Level 2.6 Dodging


You had 6 spell levels left.
You didn't know any spells.
Your spell library contained the following spells:

 Spells                   Type           Power      Damage    Failure   Level
 Slow                     Hex            0%         N/A       99%         1
 Confusing Touch          Hex            0%         N/A       100%        3
 Frozen Ramparts          Ice            0%         1d1       100%        3
 Sigil of Binding         Hex            0%         N/A       100%        3
 Vampiric Draining        Necr           0%         2d6       100%        3
 Leda's Liquefaction      Alch/Erth      0%         N/A       100%        4
 Petrify                  Alch/Erth      0%         N/A       100%        4
 Metabolic Englaciation   Hex/Ice        0%         N/A       100%        5

Inventory:

Hand Weapons
 a - a +1 war axe (weapon) {Aiguo}
 j - a +0 hand axe (worn) {Liesl}
   (You found it on level 2 of the Dungeon)
Missiles
 d - 2 throwing nets (quivered)
 e - a javelin
Armour
 b - a +0 leather armour
 c - a +0 helmet (worn)
 p - a +0 chain mail (worn)
   (You found it on level 3 of the Dungeon)
Jewellery
 f - a ring of see invisible (right grasper)
   (You found it on level 4 of the Dungeon)
 g - a ring of poison resistance (left grasper)
   (You found it on level 1 of the Dungeon)
 q - an amulet of guardian spirit
   (You found it on level 3 of the Dungeon)
 t - an amulet of the acrobat
   (You found it on level 3 of the Dungeon)
 x - an amulet of regeneration
   (You found it on level 4 of the Dungeon)
Wands
 s - a wand of polymorph (11)
   (You found it on level 3 of the Dungeon)
Scrolls
 h - 3 scrolls of fog
 l - a scroll of enchant weapon
 m - a scroll of vulnerability
 u - 2 scrolls of immolation
 w - 2 scrolls of revelation
 y - a scroll of teleportation
Potions
 k - 4 potions of curing
 n - a potion of attraction {unknown}
 o - a potion of degeneration {unknown}
 r - a potion of might {unknown}
 v - 3 potions of berserk rage {unknown}

Dungeon Overview and Level Annotations

Branches:
Dungeon (5/15) Zot: 25573  Temple (1/1) D:5 Zot: 5964

Altars:
Ashenzari
Cheibriados
Dithmenos
Fedhas
Gozag
Kikubaaqudgha
Makhleb
Nemelex Xobeh
Okawaru
Qazlal
Ru
Sif Muna
Trog
Uskayaw
Wu Jian
Xom
Yredelemnul
Zin
The Shining One

..........○.###.###.....######.#.
.........○..###.# #.....# .#.
............#...###.(...# #
............#...........######.
.........°..########...........#
..........○.########..#.####.##.#
..........○.#....<......####.###.
............######............##.
...........○#..O@#...#..####..##.
............####.#...#.[.........
............ #.#...............
.........○.○####.#..##.#.####.###
............#.............# #.# #
..........○.####..........###.# #
...........○ ###............###
............######.###.##........
....>..○....#..........##########


You could see a two-headed ogre.


Message History

You barely miss the adder with your +0 hand axe.
The adder bites you but does no damage.
Unknown command.
You closely miss the adder with your +0 hand axe.
You closely miss the adder with your +1 war axe.
The adder bites you but does no damage. The adder bites you. 😕 HP[-1]
You take 1 damage, and now have 53/54 hp.
You slash the adder with your +1 war axe!
You kill the adder! 😎 HP[+1]
Your hp is fully restored (54).
Unknown command.
No target in view!
There is a staircase to the Ecumenical Temple here.
You climb downwards.
Welcome to the Ecumenical Temple!
Found three altars.
Found a staircase back to the Dungeon.
There is a staircase back to the Dungeon here.
Found three altars.
Found a sacrificial altar of Ru and a bloodstained altar of Trog.
There is an opulent altar of Gozag here.
Found an ornate altar of the Wu Jian Council.
Found a snail-covered altar of Cheibriados and a stormy altar of Qazlal.
There is an ancient bone altar of Kikubaaqudgha here.
Found an iron altar of Okawaru.
There is an iron altar of Okawaru here.
You kneel at the altar of Okawaru.
Okawaru welcomes you!
There is a sparkling altar of Nemelex Xobeh here.
There is a staircase back to the Dungeon here.
There are no items here.
Done exploring.
Done exploring.
Unknown command.
You climb upwards.
Welcome back to the Dungeon!
There is a staircase to the Ecumenical Temple here.
There is a stone staircase leading up here.
Key pressed, stopping explore.
A two-headed ogre comes into view.
It is wielding a +0 giant spiked club and a +0 giant club.
The two-headed ogre shouts in stereo!
A two-headed ogre is nearby!
A two-headed ogre is nearby!
You hit the two-headed ogre with your +1 war axe.
You hit the two-headed ogre with your +0 hand axe.
The two-headed ogre barely misses you.
The two-headed ogre hits you but does no damage.
Unknown command.
You hit the two-headed ogre with your +1 war axe.
You hit the two-headed ogre but do no damage.
The two-headed ogre hits you with a +0 giant spiked club!
The two-headed ogre hits you with a +0 giant club! 😮 HP[-22]
You take 22 damage, and now have 32/54 hp.
MASSIVE DAMAGE!! (PAUSE) Throw: 3 throwing nets
Press: ? - help, Q - select action, (/) - cycle Shift-Dir - straight line, f - two-headed ogre
Aim: a two-headed ogre, wielding a +0 giant spiked club and a +0 giant club (lightly wounded, 73% to hit)
You throw a throwing net.
The throwing net hits the two-headed ogre.
The two-headed ogre is caught in the net! 😮 HP[+1]
You hit the two-headed ogre but do no damage. x2
The two-headed ogre struggles against the net.
You hit the two-headed ogre but do no damage.
You hit the two-headed ogre with your +1 war axe.
The two-headed ogre struggles against the net.
Unknown command.
You hit the two-headed ogre with your +0 hand axe.
You hit the two-headed ogre with your +1 war axe.
The two-headed ogre struggles against the net.
Unknown command.
You hit the two-headed ogre with your +0 hand axe.
You hit the two-headed ogre with your +1 war axe.
The two-headed ogre struggles against the net. 😮 HP[+1] Unknown command.
You feel much better.
The two-headed ogre struggles against the net.
The net rips apart, and the two-headed ogre comes free! 😎 HP[+20]
Your hp is fully restored (54).
Unknown command.
The two-headed ogre hits you with a +0 giant spiked club!!
The two-headed ogre hits you with a +0 giant club!
* * * LOW HITPOINT WARNING * * *
😱 HP[-41]
You take 41 damage, and now have 13/54 hp.
MASSIVE DAMAGE!! (PAUSE)
You feel much better.
The two-headed ogre hits you with a +0 giant spiked club.
The two-headed ogre hits you with a +0 giant club!
* * * LOW HITPOINT WARNING * * *
😨 HP[+5]
You regained 5 hp, and now have 18/54 hp.
Unknown command.
You hit the two-headed ogre with your +0 hand axe.
You barely miss the two-headed ogre with your +1 war axe.
The two-headed ogre barely misses you.
The two-headed ogre hits you with a +0 giant club!!
You die...

Skill      XL: |  1  2  3  4  5  6  7 |
---------------+----------------------+-----
Axes           | 4 5 7 8 |  8.0
Fighting       | 3 4 |  4.1
Throwing       | |  1.7
Dodging        | |  2.6

Action                     |  1- 3 |  4- 6 |  7- 9 || total
---------------------------+-------+-------+-------++-------
  Melee: War axe           |    59 |   103 |    62 ||   224
         Staff             |       |    11 |       ||    11
         Hand axe          |       |    70 |    54 ||   124
  Throw: Throwing net      |       |     1 |     1 ||     2
    Use: Scroll            |       |    11 |     1 ||    12
         Potion            |       |     1 |     2 ||     3
   Stab: Sleeping          |     1 |     3 |       ||     4
         Held in net/web   |       |     1 |       ||     1
 Armour: Leather armour    |    40 |    26 |       ||    66
         Skin              |       |    26 |       ||    26
         Chain mail        |       |    43 |    75 ||   118
  Dodge: Dodged            |    44 |    62 |    34 ||   140

Levels and vault maps discovered:
D:1:      dpeg_arrival_triangle_fractal, layout_basic, nicolae_eternal_life,
          minmay_misc_feat_hallway, amethyst_killhole, minmay_pentomino_w4
D:2:      layout_loops_cross, minmay_fountain_box, grunt_decor_cap
D:3:      layout_basic, xom_butterflies, zin_academy, jmf_multi_god_temple2,
          uniq_natasha
D:4:      layout_loops_corners, nicolae_dithmenos_the_darkroom,
          kennysheep_nondescript, uniq_blork_the_orc, uniq_eustachio, uniq_robin
D:5:      layout_loops_ring, lemuel_tele_altar, nzn_hepliaklqana_mist_gate,
          lemuel_temple_firewalk_b
Temple:   cyrus_circular_temple

Notes
Turn   | Place    | Note
-------+----------+-------------------------------------------
     0 | D:1      | ytrimaz the Coglin Gladiator began the quest for the Orb.
     0 | D:1      | Reached XP level 1. HP: 16/16 MP: 1/1
     0 | D:1      | magus.rc [v1.9.6]
   141 | D:1      | Reached XP level 2. HP: 22/22 MP: 2/2
   319 | D:1      | Reached skill level 4 in Axes
   353 | D:1      | Reached XP level 3. HP: 27/27 MP: 3/3
  1189 | D:2      | Reached XP level 4. HP: 33/33 MP: 4/4
  1229 | D:2      | You pick up a book of Sloth and begin reading...
  1229 | D:2      | You add the spells Frozen Ramparts, Leda's Liquefaction,
                  | Petrify and Metabolic Englaciation to your library.
  1280 | D:2      | Reached skill level 5 in Axes
  1294 | D:2      | Identified the staff "Oxilla" {rC+ Int+2 Dex+5 Ice}
  1898 | D:3      | Found a shimmering altar of Xom.
  1925 | D:3      | Reached XP level 5. HP: 38/38 MP: 5/5
  2102 | D:3      | Found a glowing silver altar of Zin.
  2173 | D:3      | Found a hide-covered altar of Uskayaw.
  2183 | D:3      | Found a shimmering blue altar of Sif Muna.
  2261 | D:3      | Noticed Natasha
  2269 | D:3      | Killed Natasha
  2270 | D:3      | Reached skill level 6 in Axes
  2534 | D:3      | Noticed Natasha
  2537 | D:3      | Killed Natasha
  2622 | D:4      | Noticed Robin
  2627 | D:4      | Noticed a black bear
  2632 | D:4      | Killed Robin
  2645 | D:4      | Killed a black bear
  2646 | D:4      | Reached skill level 7 in Axes
  2646 | D:4      | Reached XP level 6. HP: 44/44 MP: 6/6
  2701 | D:4      | You pick up a book of Debilitation and begin reading...
  2701 | D:4      | You add the spells Slow, Sigil of Binding, Vampiric
                  | Draining and Confusing Touch to your library.
  2753 | D:4      | Noticed Eustachio
  2814 | D:4      | Found a shadowy altar of Dithmenos.
  2952 | D:4      | Killed Eustachio
  2953 | D:4      | Reached skill level 3 in Fighting
  2953 | D:4      | Reached XP level 7. HP: 50/52 MP: 7/7
  3500 | D:4      | Noticed Blork the orc
  3508 | D:4      | Killed Blork the orc
  3783 | D:5      | Entered Level 5 of the Dungeon
  3896 | D:5      | Reached skill level 4 in Fighting
  3994 | D:5      | Reached skill level 8 in Axes
  4098 | D:5      | Found a basalt altar of Yredelemnul.
  4133 | D:5      | Found a staircase to the Ecumenical Temple.
  4148 | Temple   | Entered the Ecumenical Temple
  4169 | Temple   | Became a worshipper of Warmaster Okawaru
  4231 | D:5      | Noticed a two-headed ogre
  4240 | D:5      | HP: 13/54 [two-headed ogre/+0 giant spiked club (16)]
  4242 | D:5      | Slain by a two-headed ogre

Vanquished Creatures
  Eustachio (D:4)
  A black bear (D:4)
  Blork the orc (D:4)
  A hound (D:4)
  An iguana (D:5)
  Natasha (twice) (D:3)
  Robin (D:4)
  11 gnolls
  3 adders
  2 ufetubi (D:5)
  2 dart slugs
  2 ribbon worms
  3 orcs
  13 endoplasms
  3 giant cockroaches
  15 goblins
  10 hobgoblins
  3 jackals (D:4)
  6 kobolds
  6 quokkas
  9 ball pythons
  7 bats
  A frilled lizard (D:2)
  5 rats
109 creatures vanquished.

Table legend:
 A = Non-vault XP
 B = Vault XP
 C = Vault XP percentage of total XP
 D = Non-vault monster count
 E = Vault monster count
 F = Vault count percentage of total count
                 A         B        C        D         E       F
            +---------+---------+-------+---------+---------+-------
      Total |     679 |     383 |  36.1 |      87 |      22 |  20.2
            +---------+---------+-------+---------+---------+-------
        D:1 |      64 |      12 |  15.8 |      19 |       4 |  17.4
        D:2 |      74 |       0 |   0.0 |      21 |       0 |   0.0
        D:3 |     102 |      39 |  27.7 |      15 |       3 |  16.7
        D:4 |     315 |     332 |  51.3 |      23 |      15 |  39.5
        D:5 |     124 |       0 |   0.0 |       9 |       0 |   0.0
            +---------+---------+-------+---------+---------+-------

Skill      XL: |  1  2  3  4  5  6  7 |
---------------+----------------------+-----
Axes           | 4 5 7 8 |  8.0
Fighting       | 3 4 |  4.1
Throwing       | |  1.7
Dodging        | |  2.6

Action                     |  1- 3 |  4- 6 |  7- 9 || total
---------------------------+-------+-------+-------++-------
  Melee: War axe           |    59 |   103 |    62 ||   224
         Staff             |       |    11 |       ||    11
         Hand axe          |       |    70 |    54 ||   124
  Throw: Throwing net      |       |     1 |     1 ||     2
    Use: Scroll            |       |    11 |     1 ||    12
         Potion            |       |     1 |     2 ||     3
   Stab: Sleeping          |     1 |     3 |       ||     4
         Held in net/web   |       |     1 |       ||     1
 Armour: Leather armour    |    40 |    26 |       ||    66
         Skin              |       |    26 |       ||    26
         Chain mail        |       |    43 |    75 ||   118
  Dodge: Dodged            |    44 |    62 |    34 ||   140

Illustrated notes

Table legend:
 A = Kills in this place as a percentage of kills in the entire game.
 B = Kills by you in this place as a percentage of kills by you in the entire game.
 C = Kills by friends in this place as a percentage of kills by friends in the entire game.
 D = Other kills in this place as a percentage of other kills in the entire game.
 E = Experience gained in this place as a percentage of experience gained in the entire game.
 F = Experience gained in this place divided by the number of levels of this place that you have seen.
                   A       B       C       D       E      F
               +-------+-------+-------+-------+-------+----------------------
         Total | 100.0 | 100.0 |   N/A |   N/A | 100.0 | 177.0
       Dungeon | 100.0 | 100.0 |   N/A |   N/A | 100.0 | 212.4
               +-------+-------+-------+-------+-------+----------------------

Table legend: (Time is in decaauts)
 A = Elapsed time spent in this place.
 B = Non-inter-level travel time spent in this place.
 C = Inter-level travel time spent in this place.
 D = Time resting spent in this place.
 E = Time spent auto-exploring this place.
 F = Levels seen in this place.
 G = Mean time per level.
                   A        B        C        D        E       F      G
               +--------+--------+--------+--------+--------+-----+--------+
         Total |   4461 |   4237 |    224 |     41 |   3263 |   6 |  743.5 |
       Dungeon |   4425 |   4214 |    211 |     41 |   3263 |   5 |  885.0 |
        Temple |     35 |     22 |     13 |      0 |      0 |   1 |   35.0 |
               +--------+--------+--------+--------+--------+-----+--------+

Top non-repeatable levels by time:
     D:1: 1171 daAuts
     D:4: 1151 daAuts
     D:3: 837 daAuts
     D:2: 821 daAuts
     D:5: 443 daAuts
  Temple: 35 daAuts
